 Dungeon Crawl Stone Soup version 0.24-a0-524-gf43b32f898 (webtiles) character file.

Game seed: 6696637454446108718

190037 GordonOverkill the Severer (level 17, -3/131 HPs)
             Began as a Mummy Berserker on July 31, 2019.
             Was a High Priest of Trog.
             Slain by a merfolk impaler
             ... wielding a +4 trident of distortion
              (23 damage)
             ... on level 1 of the Shoals.
             The game lasted 01:57:53 (46509 turns).

GordonOverkill the Severer (Mummy Berserker)       Turns: 46509, Time: 01:57:54

Health: -3/131     AC: 30    Str: 26 (27) XL:     17   Next: 53%
Magic:  20/20      EV: 25    Int: 15      God:    Trog [*****.]
Gold:   1779       SH: 20    Dex:  8      Spells: 16/16 levels left

rFire    + . .     SeeInvis .   a - +9 broad axe (chop)
rCold    . . .     Gourm    .   K - +1 large shield {rF+}
rNeg     + + +     Faith    .   r - +3 scale mail of the Cricket {rElec MR+++ Str+2 Dex-5}
rPois    ∞         Spirit   .   k - +2 hat of the End {rElec rN+}
rElec    +         Reflect  .   s - +4 cloak of Raqobbil {Str+2 Int+9 Dex-3}
rCorr    .         Harm     .   J - +1 pair of gloves
MR       +++++                  g - +1 pair of boots {Fly}
Stlth    ..........             z - amulet of the acrobat
HPRegen  1.31/turn              C - +6 ring of protection
MPRegen  0.17/turn              v - ring of fire

@: acrobat, flying, very slightly contaminated, regenerating
A: no food or potions, fire vulnerability, cold resistance 1, negative energy
resistance 3, torment resistance, unbreathing, in touch with death 1
}: 1/15 runes: serpentine
a: Trog's Hand, Brothers in Arms, Renounce Religion, Stop Flying


You were on level 1 of the Shoals.
You worshipped Trog.
Trog was extremely pleased with you.
You were not hungry.

You visited 5 branches of the dungeon, and saw 28 of its levels.
You visited the Abyss 1 time.
You also visited: Ossuary, Gauntlet and Ice Cave.

You collected 2740 gold pieces.
You spent 961 gold pieces at shops.

Inventory:

Hand Weapons
 a - a +9 broad axe of chopping (weapon)
 b - a +5 antimagic broad axe
 w - a +4 broad axe of flaming
Missiles
 c - 6 silver boomerangs (quivered)
 y - 49 boomerangs
 D - 17 silver javelins
 N - 4 javelins
Armour
 g - a +1 pair of boots of flying (worn)
 k - the +2 hat of the End (worn) {rElec rN+}
   (You acquired it on level 3 of the Snake Pit)

   It insulates you from electricity.
   It protects you from negative energy.
 r - the +3 scale mail of the Cricket (worn) {rElec MR+++ Str+2 Dex-5}
   (You found it on level 4 of the Dungeon)

   It affects your strength (+2).
   It affects your dexterity (-5).
   It insulates you from electricity.
   It affects your resistance to hostile enchantments.
 s - the +4 cloak of Raqobbil (worn) {Str+2 Int+9 Dex-3}
   (You acquired it on level 1 of the Lair of Beasts)

   It affects your strength (+2).
   It affects your intelligence (+9).
   It affects your dexterity (-3).
 I - a scarf of resistance
 J - a +1 pair of gloves (worn)
 K - a +1 large shield of fire resistance (worn)
Jewellery
 h - an uncursed ring of resist corrosion
 v - a ring of fire (right hand)
 z - an amulet of the acrobat (around neck)
 C - a +6 ring of protection (left hand)
Wands
 d - a wand of acid (12)
 f - a wand of polymorph (11)
 o - a wand of digging (10)
 p - a wand of flame (31)
 q - a wand of iceblast (10)
 u - a wand of paralysis (5)
 E - a wand of random effects (10)
 F - a wand of clouds (4)
 H - a wand of enslavement (14)
Scrolls
 i - 5 scrolls of immolation
 j - 8 scrolls of teleportation
 l - 19 scrolls of remove curse
 m - 5 scrolls of identify
 n - 3 scrolls of vulnerability
 t - a scroll of summoning
 x - 3 scrolls of enchant armour
 B - 3 scrolls of fog
 O - a scroll of silence
 P - a scroll of fear
 Q - 5 scrolls of magic mapping
Miscellaneous
 A - a fan of gales
 G - a sack of spiders
 L - a box of beasts
 M - a lamp of fire


   Skills:
 - Level 11.0 Fighting
 - Level 18.0 Axes
 - Level 10.0 Armour
 - Level 5.0 Dodging
 + Level 13.3 Shields
 - Level 5.0 Evocations


You had 16 spell levels left.
You didn't know any spells.
Your spell library was empty.

Dungeon Overview and Level Annotations

Branches:
Dungeon (15/15)            Temple (0/1) D:4            Lair (6/6) D:11
 Shoals (1/4) Lair:2        Snake (4/4) Lair:3        Slime (0/5) Lair:5
    Orc (2/2) D:12            Elf (0/3) Orc:2        Vaults (0/5) D:14
 Depths (0/5) D:15

Altars:
Ashenzari
Cheibriados
Dithmenos
Elyvilon
Fedhas
Gozag
Kikubaaqudgha
Nemelex Xobeh
Okawaru
Sif Muna
Uskayaw
Yredelemnul
Zin
Beogh
Jiyva

Shops:
D:2 *   D:4 *   D:6 (   D:8 [   Orc:2 }?*}   Snake:2 (

Annotations:
D:10 exclusion: oklob plant
Lair:2 3 runed translucent doors, mive's ghost, journeyman HuCK
Lair:4 exclusion: 2 oklob plants


Innate Abilities, Weirdness & Mutations

You do not eat or drink.
Your flesh is vulnerable to fire.
You are immune to poison.
Your flesh is cold resistant. (rC+)
You are immune to negative energy. (rN+++)
You are immune to unholy pain and torment.
You can survive without breathing.
You are in touch with the powers of death.


Message History

Aim: a merfolk impaler, wielding a +4 trident of distortion and wearing a +0 robe (water, lightly wounded, chance to defeat MR: 43%)
Okay, then.
Evoke which item? (* to show all) (? for menu, Esc to quit)
Aiming: Paralyse
Press: ? - help, Shift-Dir - straight line, f - merfolk impaler
Aim: a merfolk impaler, wielding a +4 trident of distortion and wearing a +0 robe (water, lightly wounded, chance to defeat MR: 43%)
Okay, then.
You block the merfolk impaler's attack. The merfolk impaler misses you.
You block the merfolk impaler's attack.
The merfolk avatar chants a haunting song.
You resist with almost no effort.
The merfolk avatar chants a haunting song.
You resist with almost no effort. The merfolk impaler misses you.
The merfolk avatar chants a haunting song.
You resist with almost no effort.
The merfolk impaler hits you from afar with a +4 trident of distortion!
* * * LOW HITPOINT WARNING * * *
Space warps horribly around you!!
You die...

≈≈≈≈≈≈≈≈≈≈≈≈≈≈W≈≈≈≈≈≈≈≈≈
≈≈≈≈≈≈≈≈≈≈≈≈≈≈≈≈≈≈≈≈≈≈≈≈
≈≈≈≈≈≈≈≈≈≈≈≈≈m≈≈≈≈≈≈≈≈≈≈
≈≈≈≈≈≈≈≈≈≈≈≈...≈≈≈≈≈≈≈≈≈
≈≈≈≈≈≈≈≈≈≈≈.###.≈≈≈≈≈≈≈≈
≈≈≈≈≈≈≈≈≈≈W## #.≈≈≈≈≈≈≈≈
≈≈≈≈≈≈≈≈≈m.# #.≈≈≈≈≈≈≈≈
≈≈≈≈≈≈≈≈..## .≈≈≈≈≈≈≈≈
≈≈≈≈≈≈.@### ≈≈≈≈≈≈≈≈
≈≈≈≈≈≈.## ≈≈≈≈≈≈≈
≈≈≈≈≈≈. ≈≈≈≈≈≈ ≈≈≈≈≈≈.
≈≈≈≈≈≈. ≈≈≈≈≈≈≈ ≈≈≈≈≈≈≈
≈≈≈≈≈≈≈


You could see a merfolk avatar, a merfolk impaler and a drowned soul.

Vanquished Creatures
  Jorgrun (D:13)
  13 nagarajas
  An orc warlord (Orc:2)
  A very ugly thing (D:12)
  An entropy weaver (Gauntlet)
  A reaper (IceCv)
  A minotaur (Gauntlet)
  2 ogre magi (D:14)
  15 naga warriors
  3 vault guards (D:14)
  2 centaur warriors (D:14)
  Erica (D:9)
  6 hydras
  2 anacondas (Snake:3)
  3 death yaks (Lair:6)
  8 two-headed ogres
  A thrashing horror (Abyss:2)
  8 naga sharpshooters
  4 orc high priests (Orc:2)
  Nergalle (Lair:1)
  5 shock serpents
  Urug (D:13)
  5 large abominations (Abyss:2)
  A wretched star (Abyss:2)
  2 salamander mystics (Snake:4)
  A fire crab (shapeshifter) (D:13)
  2 unseen horrors
  2 wizards (D:12)
  2 harpies (Shoals:1)
  3 naga ritualists
  A lindwurm (Lair:6)
  14 ugly things
  8 mana vipers
  8 manticores
  6 orc knights
  A deep elf mage (D:14)
  A wolf spider (Gauntlet)
  4 orc sorcerers (Orc:2)
  6 cyclopes
  2 elephants (Lair:6)
  7 salamanders
  A merfolk siren (Shoals:1)
  2 elephants (shapeshifter)
  A salamander (shapeshifter) (D:15)
  An apocalypse crab (Abyss:2)
  A centaur zombie (D:14)
  24 black mambas
  2 ice statues (IceCv)
  2 guardian serpents (Snake:4)
  Joseph (D:9)
  12 spiny frogs
  A torpor snail (Gauntlet)
  28 naga magi
  2 gargoyles
  A torpor snail (shapeshifter) (D:15)
  2 kobold demonologists
  5 komodo dragons
  2 yaktaurs (D:14)
  10 ice devils
  4 rime drakes
  A tormentor (Abyss:2)
  An efreet (Abyss:2)
  An ancient zyme (Abyss:2)
  A merfolk (Shoals:1)
  2 wandering mushrooms (Lair:4)
  8 trolls
  A jumping spider (Gauntlet)
  2 polar bears
  A hornet (shapeshifter) (D:15)
  14 blink frogs
  2 hornets
  A queen bee (Gauntlet)
  Grinder (D:3)
  12 slime creatures
  6 hippogriffs
  3 dream sheep (Lair:6)
  2 ynoxinuls (Abyss:2)
  A shadow (D:14)
  4 wyverns
  A vampire (D:14)
  2 fire bats (Orc:1)
  5 wraiths
  A human (shapeshifter) (D:15)
  48 yaks
  2 basilisks
  A neqoxec (Abyss:2)
  3 small abominations (Abyss:2)
  A hungry ghost (D:10)
  4 vampire mosquitoes (D:15)
  29 nagas
  6 wargs (Orc:2)
  3 soldier ants
  An acid dragon (D:13)
  6 porcupines
  12 water moccasins
  4 ice beasts
  36 orc warriors
  4 black bears
  A hornet zombie (D:14)
  2 eyes of draining
  5 phantoms
  4 sky beasts
  A necrophage (D:12)
  24 wolves
  22 ogres
  9 boggarts
  16 centaurs
  10 crocodiles
  A big kobold (D:14)
  A gnoll sergeant (D:13)
  22 bullfrogs
  6 scorpions
  A wyvern skeleton (D:14)
  A water moccasin skeleton (D:9)
  A troll zombie (D:12)
  43 killer bees
  15 wights
  A howler monkey (D:5)
  2 electric eels
  8 crimson imps
  2 bullfrog zombies
  A quasit (D:11)
  5 starcursed masses (Abyss:2)
  5 hounds
  4 human zombies (D:12)
  A gnoll shaman (D:8)
  34 orc priests
  6 jellies
  2 bullfrog skeletons
  4 centaur skeletons
  An iron imp (Abyss:2)
  2 iguanas (D:9)
  Natasha (thrice) (D:3)
  22 orc wizards
  8 worker ants
  5 hell rats (Lair:5)
  8 ogre zombies (D:12)
  2 mummies (D:12)
  A hound skeleton (D:8)
  2 hound zombies
  A howler monkey zombie (D:9)
  A worker ant zombie (D:10)
  16 gnolls
  A river rat (D:15)
  15 adders
  2 shadow imps (D:6)
  9 white imps
  5 ufetubi (IceCv)
  An ooze (D:3)
  2 adder zombies (Ossuary)
  2 adder skeletons (D:9)
  3 worms
  6 leopard geckos
  107 orcs
  9 giant cockroaches
  9 goblins
  3 hobgoblins
  13 jackals
  7 quokkas
  2 ball pythons
  A ball python skeleton (Ossuary)
  10 bats
  3 frilled lizards
  3 goblin skeletons (D:12)
  2 goblin zombies (D:12)
  3 hobgoblin skeletons
  5 hobgoblin zombies (D:12)
  15 kobolds
  A kobold zombie (Ossuary)
  A leopard gecko skeleton (D:6)
  A leopard gecko zombie (D:6)
  3 orc skeletons (D:12)
  13 orc zombies
  A quokka skeleton (D:4)
  A quokka zombie (D:5)
  8 rats
  A spectral orc (D:5)
  6 fungi
  A lurking horror (Abyss:2)
1099 creatures vanquished.

Vanquished Creatures (collateral kills)
  The ghost of Majang the Fighter, an adept GnWn of Cheibriados (Snake:2)
  Snorg (D:11)
  An elephant (Lair:4)
  2 naga magi (Snake:2)
  2 black mambas
  A gargoyle (D:10)
  A queen bee (Lair:3)
  A hippogriff (Lair:3)
  A naga (Snake:2)
  12 killer bees (Lair:3)
  A butterfly (Lair:3)
24 creatures vanquished.

Vanquished Creatures (others)
  A naga warrior (Snake:4)
  A wretched star (Abyss:2)
  2 spiny frogs (Lair:6)
  2 white imps (IceCv)
  7 ufetubi (IceCv)
  3 fungi
  A lurking horror (Abyss:2)
  4 plants
  3 toadstools (D:5)
24 creatures vanquished.

Grand Total: 1147 creatures vanquished

Notes
Turn   | Place    | Note
-------+----------+-------------------------------------------
     0 | D:1      | GordonOverkill the Mummy Berserker began the quest for the
                  | Orb.
     0 | D:1      | Reached XP level 1. HP: 18/18 MP: 1/1
   229 | D:1      | Reached XP level 2. HP: 16/24 MP: 2/2
  1234 | D:2      | Reached XP level 3. HP: 29/29 MP: 3/3
  1388 | D:2      | Found Zin's Purification Station.
  1393 | D:2      | Found a glowing silver altar of Zin.
  1460 | D:2      | Reached skill level 3 in Axes
  1620 | D:2      | Reached ** piety under Trog
  1796 | D:2      | Reached XP level 4. HP: 16/35 MP: 4/4
  2930 | D:3      | Reached XP level 5. HP: 29/42 MP: 5/5
  3101 | D:3      | Reached skill level 4 in Axes
  3125 | D:3      | Found a shattered altar of Ashenzari.
  3501 | D:3      | Found an opulent altar of Gozag.
  3606 | D:3      | Reached *** piety under Trog
  3638 | D:3      | Noticed Grinder
  3655 | D:3      | Paralysed by Grinder for 2 turns
  3699 | D:3      | Paralysed by Grinder for 4 turns
  3704 | D:3      | Killed Grinder
  3704 | D:3      | Reached skill level 5 in Axes
  3704 | D:3      | Reached XP level 6. HP: 45/48 MP: 6/6
  3876 | D:3      | Noticed Natasha
  3889 | D:3      | Killed Natasha
  4049 | D:3      | Noticed Natasha
  4069 | D:3      | Killed Natasha
  4590 | D:3      | Noticed Natasha
  4599 | D:3      | Killed Natasha
  4688 | D:3      | Found an opulent altar of Gozag.
  4874 | D:4      | Found a white marble altar of Elyvilon.
  5005 | D:4      | Found a sand-covered staircase.
  5010 | Ossuary  | Entered an ossuary
  5073 | Ossuary  | Reached skill level 6 in Axes
  5073 | Ossuary  | Reached XP level 7. HP: 34/54 MP: 7/7
  5375 | Ossuary  | Noticed a wraith
  5375 | Ossuary  | Noticed a flying skull
  5390 | Ossuary  | Noticed a wraith
  5407 | Ossuary  | Killed a wraith
  5668 | Ossuary  | Noticed a wraith
  5691 | Ossuary  | Killed a wraith
  5691 | Ossuary  | Reached skill level 7 in Axes
  5901 | Ossuary  | Noticed a flying skull
  6035 | D:4      | Got a polished scale mail
  6058 | D:4      | Identified the +3 scale mail of the Cricket {rElec MR+++
                  | Str+2 Dex-5} (You found it on level 4 of the Dungeon)
  6147 | D:4      | Found a staircase to the Ecumenical Temple.
  6183 | D:4      | Reached XP level 8. HP: 55/60 MP: 8/8
  6421 | D:4      | Found Esetia's General Store.
  6429 | D:4      | Bought a scroll of summoning for 104 gold pieces
  6429 | D:4      | Bought a scroll of identify for 22 gold pieces
  6451 | D:4      | Found an ancient bone altar of Kikubaaqudgha.
  6767 | D:5      | Entered Level 5 of the Dungeon
  7067 | D:5      | Found a basalt altar of Yredelemnul.
  7174 | D:5      | Reached skill level 8 in Axes
  7621 | D:5      | Found an ancient bone altar of Kikubaaqudgha.
  7679 | D:5      | Reached skill level 1 in Shields
  7857 | D:5      | Found a shadowy altar of Dithmenos.
  8095 | D:5      | Reached **** piety under Trog
  8250 | D:4      | Found a hide-covered altar of Uskayaw.
  8415 | D:5      | Reached skill level 1 in Evocations
  8629 | D:6      | Reached XP level 9. HP: 58/65 MP: 10/10
  8682 | D:6      | Reached skill level 9 in Axes
  8893 | D:6      | Found a shadowy altar of Dithmenos.
  9218 | D:6      | Found an iron altar of Okawaru.
  9218 | D:6      | Found a sparkling altar of Nemelex Xobeh.
  9219 | D:6      | Found a deep blue altar of Sif Muna.
  9305 | D:6      | Found a hide-covered altar of Uskayaw.
  9321 | D:6      | Found Hocsaapua's Weapon Shop.
 11058 | D:7      | Reached skill level 10 in Axes
 11262 | D:7      | Found a snail-covered altar of Cheibriados.
 11619 | D:8      | Noticed a two-headed ogre
 11624 | D:8      | Killed a two-headed ogre
 11624 | D:8      | Reached XP level 10. HP: 58/73 MP: 12/12
 11769 | D:8      | Reached skill level 5 in Fighting
 12274 | D:8      | Reached skill level 11 in Axes
 13009 | D:8      | Found Kudytz's Armour Shop.
 13019 | D:8      | Bought a +0 pair of boots for 54 gold pieces
 13606 | D:9      | Noticed Erica
 13670 | D:9      | Killed Erica
 13862 | D:9      | Reached XP level 11. HP: 77/84 MP: 13/13
 13890 | D:9      | Reached skill level 12 in Axes
 14132 | D:9      | Noticed Joseph
 14164 | D:9      | Killed Joseph
 14719 | D:10     | Entered Level 10 of the Dungeon
 14749 | D:10     | Found a blossoming altar of Fedhas.
 14765 | D:10     | Noticed an oklob plant
 16460 | D:11     | Noticed a red ugly thing
 16727 | D:11     | Killed a red ugly thing
 16749 | D:11     | Got a transparent cloak
 16750 | D:11     | Identified the +1 cloak of Arusacul {Int+3} (You found it
                  | on level 11 of the Dungeon)
 16752 | D:11     | Identified a scroll of acquirement
 16801 | D:11     | Found a staircase to the Lair.
 16965 | D:11     | Noticed Snorg
 17234 | D:11     | Killed Snorg
 17350 | D:11     | Reached skill level 13 in Axes
 17666 | D:11     | Reached skill level 5 in Armour
 17947 | Lair:1   | Entered Level 1 of the Lair of Beasts
 18253 | Lair:1   | Identified the Catalogue of Cold
 18270 | Lair:1   | Noticed Nergalle
 18390 | Lair:1   | Killed Nergalle
 18601 | Lair:1   | Received a gift from Trog
 18606 | Lair:1   | Reached XP level 12. HP: 65/91 MP: 14/14
 19280 | Lair:1   | Got an ichor-stained cloak
 19281 | Lair:1   | Identified the +4 cloak of Raqobbil {Str+2 Int+9 Dex-3}
                  | (You acquired it on level 1 of the Lair of Beasts)
 19520 | Lair:2   | Reached skill level 14 in Axes
 19744 | Lair:2   | Found a runed translucent gate.
 19744 | Lair:2   | Found a runed translucent gate.
 19744 | Lair:2   | Found a runed translucent gate.
 19749 | Lair:2   | Noticed a seven-headed hydra
 19750 | Lair:2   | Noticed mive's ghost (journeyman HuCK)
 19752 | Lair:2   | Noticed a minotaur
 19773 | Lair:2   | Noticed a six-headed hydra
 19779 | Lair:2   | Killed a six-headed hydra
 19789 | Lair:2   | Found a staircase to the Shoals.
 20734 | Lair:3   | Found a staircase to the Snake Pit.
 20980 | Lair:3   | Reached ***** piety under Trog
 21439 | Lair:4   | Reached skill level 15 in Axes
 21753 | Lair:4   | Noticed a seven-headed hydra
 21760 | Lair:4   | Killed a seven-headed hydra
 21818 | Lair:4   | You fall into a shaft and drop 2 floors!
 21818 | Lair:6   | Entered Level 6 of the Lair of Beasts
 21818 | Lair:6   | Noticed a seven-headed hydra
 21819 | Lair:6   | Noticed a death yak
 21827 | Lair:6   | Noticed a death yak
 22125 | Lair:5   | Gained mutation: You are in touch with the powers of death.
                  | [Mummy growth]
 22125 | Lair:5   | Reached XP level 13. HP: 95/101 MP: 15/15
 23329 | Lair:4   | Got a blackened shield
 23342 | Lair:4   | Identified the +5 shield of Devotion {Int+8} (You found it
                  | on level 4 of the Lair of Beasts)
 24100 | Lair:5   | Found a staircase to the Slime Pits.
 25187 | Lair:6   | Received a gift from Trog
 25843 | Lair:6   | Reached skill level 5 in Shields
 25945 | Lair:6   | Reached skill level 10 in Fighting
 26808 | Lair:6   | Reached skill level 16 in Axes
 27383 | D:12     | Found a staircase to the Orcish Mines.
 27531 | D:12     | Found a gate leading to a gauntlet.
 27535 | Gauntlet | Entered a Gauntlet
 27535 | Gauntlet | Found a transporter.
 27535 | Gauntlet | Found a transporter.
 27539 | Gauntlet | Found a transporter.
 27539 | Gauntlet | Found a transporter.
 27543 | Gauntlet | Found a transporter.
 27598 | Gauntlet | Found a transporter.
 27624 | Gauntlet | Found a transporter.
 27675 | Gauntlet | Found a transporter.
 27678 | Gauntlet | Found a transporter.
 27695 | Gauntlet | Found a transporter.
 27695 | Gauntlet | Noticed an entropy weaver
 27719 | Gauntlet | Killed an entropy weaver
 27732 | Gauntlet | Found a transporter.
 27732 | Gauntlet | Noticed a reaper
 27848 | Gauntlet | Noticed a minotaur
 27855 | Gauntlet | Killed a minotaur
 27855 | Gauntlet | Reached XP level 14. HP: 95/110 MP: 16/16
 28004 | D:12     | Found a frozen archway.
 28013 | D:12     | Reached ****** piety under Trog
 28030 | IceCv    | Entered an ice cave
 29599 | IceCv    | Noticed a reaper
 29614 | IceCv    | Killed a reaper
 29614 | IceCv    | Received a gift from Trog
 29628 | IceCv    | Got a pitted executioner's axe {god gift}
 29629 | IceCv    | Identified the +5 executioner's axe of Welfare {chop, rF+
                  | rN++ Dex-5} (Trog gifted it to you in an ice cave)
 30916 | D:12     | Found a basalt altar of Yredelemnul.
 31121 | D:12     | Noticed a brown very ugly thing
 31133 | D:12     | Killed a brown very ugly thing
 31133 | D:12     | Reached skill level 10 in Shields
 31979 | D:13     | Noticed Urug
 32010 | D:13     | Killed Urug
 32157 | D:13     | Got a faintly glowing scale mail
 32158 | D:13     | Identified the +2 scale mail "Afri" {-Tele rC++ Str+4
                  | Stlth+} (You found it on level 13 of the Dungeon)
 32176 | D:13     | Received a gift from Trog
 32916 | D:13     | Noticed Jorgrun
 32980 | D:13     | Killed Jorgrun
 33813 | D:14     | Found a viscous altar of Jiyva.
 34011 | D:14     | Found a gate to the Vaults.
 34026 | D:14     | Reached XP level 15. HP: 89/118 MP: 17/17
 34650 | D:14     | Received a gift from Trog
 34885 | D:15     | Entered Level 15 of the Dungeon
 35196 | D:15     | Reached skill level 17 in Axes
 35331 | D:15     | Found a staircase to the Depths.
 36339 | Orc:1    | Entered Level 1 of the Orcish Mines
 36853 | Orc:2    | Entered Level 2 of the Orcish Mines
 37106 | Orc:2    | Received a gift from Trog
 37177 | Orc:2    | Noticed an orc warlord
 37225 | Orc:2    | Killed an orc warlord
 37367 | Orc:2    | Received a gift from Trog
 37700 | Orc:2    | Identified the +3 ring mail "Hadoh" {Dex+5}
 37945 | Orc:2    | Found a roughly hewn altar of Beogh.
 38025 | Orc:2    | Found Tiwkepn's Gadget Emporium.
 38044 | Orc:2    | Found Riorrod's Magic Scroll Shoppe.
 38326 | Orc:2    | Found Ineuxep's Gadget Shoppe.
 38350 | Orc:2    | Found a roughly hewn altar of Beogh.
 38359 | Orc:2    | Found Odebled's Assorted Antiques.
 38373 | Orc:2    | Bought a scroll of enchant armour for 217 gold pieces
 38432 | Orc:2    | Bought 3 scrolls of enchant weapon for 247 gold pieces
 38432 | Orc:2    | Bought a scroll of enchant weapon for 82 gold pieces
 38432 | Orc:2    | Bought a scroll of silence for 82 gold pieces
 38432 | Orc:2    | Bought a scroll of teleportation for 33 gold pieces
 38432 | Orc:2    | Bought a scroll of fog for 22 gold pieces
 38432 | Orc:2    | Bought a scroll of identify for 22 gold pieces
 38432 | Orc:2    | Bought a scroll of fear for 38 gold pieces
 38571 | Orc:2    | Identified the +7 glaive of Forced Transition {pain, +Rage
                  | +Inv rElec Str+2}
 38637 | Orc:2    | Found a staircase to the Elven Halls.
 38833 | Orc:2    | Bought a scroll of magic mapping for 38 gold pieces
 39032 | Snake:1  | Entered Level 1 of the Snake Pit
 39475 | Snake:1  | Reached skill level 18 in Axes
 39562 | Snake:1  | Reached XP level 16. HP: 119/125 MP: 18/18
 39701 | Snake:1  | Reached skill level 5 in Dodging
 40220 | Snake:1  | Received a gift from Trog
 41064 | Snake:2  | Found a runed translucent door.
 41064 | Snake:2  | Noticed Majang's ghost (adept GnWn)
 41086 | Snake:2  | Killed Majang's ghost
 41192 | Snake:2  | Found Lont's Weapon Emporium.
 42291 | Snake:3  | Got a smoking hat
 42292 | Snake:3  | Identified the +2 hat of the End {rElec rN+} (You acquired
                  | it on level 3 of the Snake Pit)
 43064 | Snake:3  | Found a basalt altar of Yredelemnul.
 43192 | Snake:4  | Entered Level 4 of the Snake Pit
 43223 | Snake:3  | Received a gift from Trog
 43378 | Snake:4  | Reached skill level 5 in Evocations
 44378 | Snake:4  | Reached XP level 17. HP: 65/131 MP: 20/20
 44650 | Snake:4  | Received a gift from Trog
 44845 | Snake:4  | Received a gift from Trog
 45160 | Snake:4  | Reached skill level 10 in Armour
 45608 | Snake:4  | Got a serpentine rune of Zot
 45999 | Shoals:1 | Entered Level 1 of the Shoals
 46004 | Shoals:1 | Cast into level 2 of the Abyss (merfolk impaler)
 46230 | Abyss:2  | Found a basalt altar of Yredelemnul.
 46239 | Abyss:2  | Received a gift from Trog
 46415 | Abyss:2  | Found a corrupted altar of Lugonu.
 46419 | Abyss:2  | Found a shattered altar of Ashenzari.
 46440 | Shoals:1 | Escaped the Abyss
 46509 | Shoals:1 | Slain by a merfolk impaler

Levels and vault maps discovered:
D:1:      dpeg_arrival_boxorama, layout_basic
D:2:      kb_forest_paths, layout_basic, zin_purify
D:3:      layout_loops_ring, lemuel_crystal_altar, lemuel_crystal_altar,
          uniq_grinder, uniq_natasha
D:4:      lemuel_upstairs_altar, layout_basic, lemuel_coloured_pillars_altar,
          elyvilon_altar_3, minmay_temple_entry_gardened_gates, serial_shops,
          shop, enter_ossuary_5, interstate_on_off, kennysheep_generic_room_12
D:5:      layout_basic, yredelemnul_forgotten_temple_becter,
          lemuel_crystal_altar, basic_altar, first_ration,
          minmay_gold_behind_fungi, lightli_corner_chamber
D:6:      minmay_diamond_boxcup, layout_rooms, gammafunk_temple_overflow_claw,
          kennysheep_mini, serial_shops, shop_statue,
          nicolae_dithmenos_shadow_blocks
D:7:      layout_rooms, cheibrodos_worm_habitat
D:8:      layout_basic, serial_shops, nicolae_shop_stone,
          hangedman_pestilent_swarm
D:9:      layout_irregular_city, serial_column_ruins,
          column_ruins_columns_corner, column_ruins_grid_1,
          column_ruins_open_medium, column_ruins_open_tiny, column_ruins_grid_1,
          column_ruins_grid_4, column_ruins_grid_1,
          chequers_serial_rivers_room_a, lightli_fourway_metalbox, uniq_erica,
          uniq_joseph
D:10:     layout_long_grid, tgw_fedhas
D:11:     layout_roguey, lair_entry_dummy, minmay_crystal_water, uniq_snorg
D:12:     cheibrodos_breeding_chamber, layout_irregular_city, zombieorc2_lemuel,
          portal_ice_cave_demonic_guard, gauntlet_entry_generic,
          lemuel_mausoleum_altar_yredelemnul
D:13:     layout_basic, minmay_diced_spiral, uniq_urug, uniq_jorgrun
D:14:     layout_basic, grunt_vaults_entry_fortified, kennysheep_crisscross,
          jiyva_altar_1
D:15:     gammafunk_enter_depths_forms, layout_long_grid, pond
Lair:1:   layout_hall_layers, uniq_nergalle
Lair:2:   layout_small_grid, shoals_dummy_entry, maelrawn_ghost_gauntlet_escape,
          gammafunk_lair_bear_cave, grunt_megastairs_5
Lair:3:   layout_cave_shapes, guppyfry_snake_entry_garden, special_room
          [special_room_bee], lemuel_fruit_fields
Lair:4:   layout_layer_cave, kilobyte_rumbling_trees, minmay_lair_oklob_chamber
Lair:5:   layout_loops_ring, slime_dummy
Lair:6:   hangedman_lair_in_review, layout_cave_pods, grunt_megastairs_1
Shoals:1: layout_shoals, uniq_josephine, uniq_frances
Snake:1:  layout_cave_pods
Snake:2:  layout_misc_corridors, gammafunk_ghost_grave, serial_shops, shop
Snake:3:  layout_grid_maze, basic_altar
Snake:4:  snake_pit, layout_misc_corridors, nicolae_coiled_stairwell_up,
          serial_bayou_shore_b
Orc:1:    layout_diamond_mine, nicolae_orc_lava_tube
Orc:2:    pubby_orc_utopia

Skill      XL: |  1  2  3  4  5  6  7  8  9 10 11 12 13 14 15 16 17 |
---------------+----------------------------------------------------+-----
Dodging        | 2 4 5 |  5.0
Axes           | 3 5 6 7 8 10 11 13 15 16 18 | 18.0
Armour         | 2 3 5 9 10 | 10.0
Fighting       | 4 7 9 10 11 | 11.0
Shields        | 2 4 7 10 11 12 13 | 13.3
Evocations     | 1 3 5 |  5.0

Action                   |  1- 3 |  4- 6 |  7- 9 | 10-12 | 13-15 | 16-18 || total
-------------------------+-------+-------+-------+-------+-------+-------++-------
Melee: Hand axe          |    71 |       |       |   991 |   711 |       ||  1773
       War axe           |    46 |   140 |   511 |    99 |   493 |       ||  1289
       Flail             |       |       |       |     1 |    21 |       ||    22
       Broad axe         |       |       |       |       |   743 |   795 ||  1538
 Fire: Hunting sling     |    14 |    87 |    96 |   186 |     3 |       ||   386
Throw: Stone             |     3 |       |       |       |       |       ||     3
       Boomerang         |       |     1 |     7 |    22 |    60 |    14 ||   104
Invok: Trog's Hand       |       |       |     9 |     5 |     4 |     9 ||    27
       Brothers in Arms  |       |       |       |     4 |     1 |     5 ||    10
Evoke: Wand              |       |       |    10 |    41 |    52 |     4 ||   107
       Lamp of fire      |       |       |       |       |     1 |       ||     1
  Use: Scroll            |     5 |     3 |     6 |    15 |    18 |     8 ||    55
 Stab: Paralysed         |       |       |       |    10 |       |       ||    10
       Distracted        |       |       |       |     2 |       |       ||     2
       Sleeping          |       |       |       |     2 |       |       ||     2
       Confused          |       |       |       |       |     3 |       ||     3
       Invisible         |       |       |       |       |       |     1 ||     1
Armor: Animal skin       |    10 |       |       |       |       |       ||    10
       Chain mail        |    38 |    93 |    34 |       |       |       ||   165
       Ring mail         |     4 |       |       |       |       |       ||     4
       Scale mail        |       |       |   208 |   439 |   607 |   237 ||  1491
Dodge: Dodged            |    80 |    75 |   285 |   470 |   373 |   204 ||  1487
Block: Buckler           |       |       |    21 |   151 |    10 |       ||   182
       Shield            |       |       |       |       |   362 |       ||   362
       Large shield      |       |       |       |       |   928 |   661 ||  1589

Table legend:
 A = Non-vault XP
 B = Vault XP
 C = Vault XP percentage of total XP
 D = Non-vault monster count
 E = Vault monster count
 F = Vault count percentage of total count
                 A         B        C        D         E       F
            +---------+---------+-------+---------+---------+-------
      Total |  141981 |  113113 |  44.3 |     674 |     444 |  39.7
            +---------+---------+-------+---------+---------+-------
        D:1 |      36 |       0 |   0.0 |      21 |       0 |   0.0
        D:2 |      99 |      21 |  17.5 |      21 |       6 |  22.2
        D:3 |     225 |     307 |  57.7 |      31 |       2 |   6.1
        D:4 |      73 |       2 |   2.7 |       9 |       1 |  10.0
        D:5 |     931 |     148 |  13.7 |      30 |       4 |  11.8
        D:6 |    1332 |     321 |  19.4 |      24 |       6 |  20.0
        D:7 |     694 |       5 |   0.7 |      19 |       1 |   5.0
        D:8 |    3017 |     603 |  16.7 |      45 |       4 |   8.2
        D:9 |    2226 |    1546 |  41.0 |      26 |       6 |  18.8
       D:10 |    2376 |       0 |   0.0 |      22 |       0 |   0.0
       D:11 |    4175 |     810 |  16.2 |      28 |       1 |   3.4
       D:12 |    5393 |    8231 |  60.4 |      43 |      59 |  57.8
       D:13 |    6229 |    6617 |  51.5 |      28 |       7 |  20.0
       D:14 |   11533 |    7614 |  39.8 |      37 |      14 |  27.5
       D:15 |    6222 |    4189 |  40.2 |      16 |      21 |  56.8
     Lair:1 |    2883 |     828 |  22.3 |      16 |       1 |   5.9
     Lair:2 |    4153 |     721 |  14.8 |      12 |       4 |  25.0
     Lair:3 |    4741 |    1379 |  22.5 |      23 |      24 |  51.1
     Lair:4 |    3753 |    2680 |  41.7 |      19 |      14 |  42.4
     Lair:5 |    3430 |       0 |   0.0 |      19 |       0 |   0.0
     Lair:6 |    5435 |    9577 |  63.8 |      26 |      22 |  45.8
   Shoals:1 |    2114 |       0 |   0.0 |       4 |       0 |   0.0
    Snake:1 |   11557 |       0 |   0.0 |      17 |       0 |   0.0
    Snake:2 |   11429 |    1673 |  12.8 |      24 |       1 |   4.0
    Snake:3 |   19136 |       0 |   0.0 |      25 |       0 |   0.0
    Snake:4 |   16129 |   34418 |  68.1 |      32 |      50 |  61.0
      Orc:1 |    2597 |       0 |   0.0 |      24 |       0 |   0.0
      Orc:2 |       0 |   21149 | 100.0 |       0 |     145 | 100.0
    Abyss:2 |   10063 |       0 |   0.0 |      33 |       0 |   0.0
    Ossuary |       0 |     714 | 100.0 |       0 |      14 | 100.0
      IceCv |       0 |    5214 | 100.0 |       0 |      24 | 100.0
   Gauntlet |       0 |    4346 | 100.0 |       0 |      13 | 100.0
            +---------+---------+-------+---------+---------+-------
